 Dungeon Crawl Stone Soup version 0.22-a0-305-gd21a89c (webtiles) character file.

175648 Firecrotchwizard the Warrior (level 17, -5/166 HPs)
             Began as a Hill Orc Fighter on Mar 29, 2018.
             Was the Champion of Qazlal.
             Blown up by an orb spider (19 damage)
             ... with a wavering orb of destruction
             ... on level 2 of the Spider Nest.
             The game lasted 01:07:40 (30148 turns).

Firecrotchwizard the Warrior (Hill Orc Fighter)    Turns: 30148, Time: 01:07:41

Health: -5/166     AC: 32    Str: 25    XL:     17   Next: 81%
Magic:  0/29       EV: 18    Int:  4    God:    Qazlal [******]
Gold:   2039       SH: 23    Dex: 16    Spells: 16/16 levels left

rFire    . . .     SeeInvis .   t - +0 broad axe
rCold    . . .     Gourm    .   c - +0 shield
rNeg     + . .     Faith    .   O - +6 chain mail of Wuproh {rElec MR+++ Regen+ Int-3}
rPois    +         Spirit   +   q - +0 helmet
rElec    +         Reflect  .   R - +2 ratskin cloak {+Rats rPois rN+ Str-1 Int-1 Dex+1}
rCorr    .         Harm     .   T - +0 pair of gloves of Raameid {rElec Str+5 Stlth-}
MR       ++++.                  b - +2 pair of boots
Stlth    ..........             U - amulet of guardian spirit {Spirit}
HPRegen  0.77/turn              v - +5 ring of evasion
MPRegen  0.21/turn              H - ring of poison resistance {rPois, !d}

@: protected from physical damage, repel missiles
A: no striking features
}: 1/15 runes: decaying
a: Upheaval, Elemental Force, Disaster Area, Renounce Religion, Evoke Ratskin


You were on level 2 of the Spider Nest.
You worshipped Qazlal.
Qazlal was exalted by your worship.
You were not hungry.

You visited 6 branches of the dungeon, and saw 30 of its levels.
You also visited: Bailey.

You collected 2400 gold pieces.
You spent 361 gold pieces at shops.

Inventory:

Hand Weapons
 t - a +0 broad axe (weapon)
   (You found it on level 14 of the Dungeon)
 w - a +1 whip of electrocution
   (You took it off Pikel on level 4 of the Dungeon)
 S - a +1 battleaxe of distortion {!w}
   (You took it off an orc warrior on level 14 of the Dungeon)
Missiles
 e - 2 throwing nets {=f, !d}
Armour
 b - a +2 pair of boots (worn)
   (You found it on level 10 of the Dungeon)
 c - a +0 shield (worn)
 q - a +0 helmet (worn)
   (You found it on level 2 of the Dungeon)
 O - the +6 chain mail of Wuproh (worn) {rElec MR+++ Regen+ Int-3}
   (You took it off a wight on level 11 of the Dungeon)

   It affects your intelligence (-3).
   It insulates you from electricity.
   It affects your resistance to hostile enchantments.
   It increases your rate of regeneration.
 R - the +2 ratskin cloak (worn) {+Rats rPois rN+ Str-1 Int-1 Dex+1}
   (You bought it in a shop on level 2 of the Orcish Mines)

   It affects your strength (-1).
   It affects your intelligence (-1).
   It affects your dexterity (+1).
   It protects you from poison.
   It protects you from negative energy.
 T - the +0 pair of gloves of Raameid (worn) {rElec Str+5 Stlth-}
   (You found it on level 5 of the Lair of Beasts)

   It affects your strength (+5).
   It insulates you from electricity.
   It makes you less stealthy.
Jewellery
 a - an uncursed ring of protection from fire {rF+, !d}
   (You found it on level 2 of the Swamp)
 v - a +5 ring of evasion (left hand)
   (You found it on level 11 of the Dungeon)
 C - an uncursed ring of ice {rC+, rF-}
   (You found it on level 6 of the Dungeon)
 F - an uncursed ring of flight {+Fly, !d}
   (You found it on level 7 of the Dungeon)
 H - a ring of poison resistance (right hand) {rPois, !d}
   (You found it on level 1 of the Spider Nest)
 N - an uncursed ring of fire {rF+, rC-}
   (You found it on level 10 of the Dungeon)
 U - an amulet of guardian spirit (around neck) {Spirit}
   (You found it on level 1 of the Spider Nest)
 X - an uncursed ring of see invisible {sInv, !d}
   (You found it on level 1 of the Lair of Beasts)
 Z - an uncursed ring of protection from magic {MR+, !d}
   (You found it on level 2 of the Lair of Beasts)
Wands
 z - a wand of scattershot (2)
   (You found it on level 3 of the Lair of Beasts)
 D - a wand of digging (30)
   (You found it on level 6 of the Dungeon)
 J - a wand of disintegration (7) {@e1}
   (You found it on level 10 of the Dungeon)
 K - a wand of acid (12)
   (You found it on level 1 of the Spider Nest)
Scrolls
 j - 6 scrolls of immolation {!r}
 l - 10 scrolls of identify
 m - 2 scrolls of fog
 p - 5 scrolls of enchant weapon
 u - 8 scrolls of teleportation
 x - 4 scrolls of blinking {!r}
 y - 10 scrolls of remove curse
 M - 3 scrolls of magic mapping {!r}
Potions
 d - 3 potions of might
 h - 5 potions of flight
 i - 5 potions of mutation {!q}
 k - 6 potions of cancellation
 o - 6 potions of curing
 r - a potion of lignification {unknown}
 s - a potion of heal wounds
 A - a potion of berserk rage {!q}
 B - 3 potions of ambrosia
 E - 7 potions of agility
 G - a potion of resistance {unknown}
 I - a potion of magic {unknown}
 L - a potion of invisibility {unknown}
 P - 2 potions of brilliance {unknown}
Miscellaneous
 Q - a lamp of fire
   (You found it on level 11 of the Dungeon)
 W - a phantom mirror
Comestibles
 f - 30 rations {@e1}
 g - 3 chunks of flesh {@w0}


   Skills:
 + Level 18.7 Fighting
 - Level 16.0 Axes
 - Level 13.2 Armour
 + Level 6.3 Dodging
 - Level 15.0 Shields
 + Level 17.3 Invocations


You had 16 spell levels left.
You didn't know any spells.

Dungeon Overview and Level Annotations

Branches:
Dungeon (15/15)            Temple (0/1) D:5            Lair (6/6) D:11
  Swamp (4/4) Lair:4       Spider (2/4) Lair:3        Slime (0/5) Lair:5
    Orc (2/2) D:12            Elf (1/3) Orc:2        Vaults (0/5) D:14
 Depths: D:15

Altars:
Cheibriados
Elyvilon
Fedhas
Gozag
Hepliaklqana
Makhleb
Okawaru
Qazlal
Sif Muna
Trog
Uskayaw
Xom
The Shining One
Beogh

Shops:
D:9 (   D:10 (   D:12 :[=   Orc:2 [:=:[

Annotations:
D:6 Prince Ribbit
D:7 1 runed door
D:8 2 runed doors


Message History

You feel more protected from physical attacks.
The wolf spider bites you but does no damage.
You see here a tarantella corpse.
You take 9 damage, and have 85/166 hp.
You now have 15/29 mp.
The wolf spider is engulfed in freezing vapours.
The orb spider weaves a glowing orb of energy.
The jumping spider leaps!
The wolf spider misses you. You block the wolf spider's attack.
The jumping spider leaps!
The orb spider begins to weave its threads into a brightly glowing ball.
You block the torpor snail's attack.
The orb spider pulsates with a strange energy.
The wolf spider hits you. The wolf spider barely misses you.
An orb of destruction comes into view.
You take 4 damage, and have 81/166 hp.
You slash the torpor snail! You hit the wolf spider.
You block the wolf spider's attack. The wolf spider misses you.
The orb of destruction hits you!
The jumping spider leaps!
You take 23 damage, and have 58/166 hp.
You now have 11/29 mp.
Unknown command.
You block the wolf spider's attack. x2
The torpor snail is engulfed in freezing vapours.
The torpor snail barely misses you.
The orb spider weaves a glowing orb of energy.
The wolf spider hits you but does no damage.
The wolf spider bites you but does no damage.
The torpor snail is engulfed in freezing vapours.
The torpor snail closely misses you.
An orb of destruction comes into view.
You regained 2 hp, and now have 60/166 hp.
You barely miss the wolf spider.
You hit the wolf spider but do no damage.
You hit the torpor snail but do no damage.
The wolf spider hits you!
* * * LOW HITPOINT WARNING * * *
You feel more protected from physical attacks.
You block the wolf spider's attack. The wolf spider barely misses you.
You block the wolf spider's attack.
The wolf spider hits you but does no damage.
You block the wolf spider's attack.
The orb spider begins to weave its threads into a brightly glowing ball.
The jumping spider leaps!
You take 13 damage, and have 47/166 hp.
You now have 8/29 mp.
You closely miss the wolf spider. You hit the wolf spider.
You hit the torpor snail. The orb of destruction hits you!
* * * LOW HITPOINT WARNING * * *
The wolf spider is engulfed in blazing flames.
You block the wolf spider's attack. The wolf spider closely misses you.
The wolf spider barely misses you. The wolf spider bites you.
* * * LOW HITPOINT WARNING * * *
The jumping spider leaps!
The orb spider weaves a glowing orb of energy.
The orb spider is engulfed in blazing flames.
The orb spider weaves a glowing orb of energy.
The wolf spider is engulfed in blazing flames.
You block the wolf spider's attack. The wolf spider barely misses you.
The torpor snail is engulfed in freezing vapours.
You block the torpor snail's attack. You block the wolf spider's attack.
The wolf spider misses you.
A redback and 2 orbs of destruction come into view.
You take 21 damage, and have 26/166 hp.
You now have 5/29 mp.
The wolf spider is engulfed in blazing flames.
You kill the wolf spider!
Qazlal accepts your kill. You block the jumping spider's attack.
The jumping spider misses you.
The orb spider begins to weave its threads into a brightly glowing ball.
The torpor snail is engulfed in freezing vapours.
The torpor snail closely misses you. You block the jumping spider's attack.
The jumping spider bites you.
* * * LOW HITPOINT WARNING * * *
The wolf spider hits you!
* * * LOW HITPOINT WARNING * * *
You feel more protected from physical attacks.
You block the wolf spider's attack.
The orb of destruction hits the torpor snail.
The torpor snail is blown up!
The orb of destruction hits the jumping spider.
The jumping spider is blown up! 3 redbacks come into view.
You take 10 damage, and have 16/166 hp.
You now have 3/29 mp.
You closely miss the wolf spider.
You feel yourself speed up. You block the wolf spider's attack. x2
The orb spider weaves a glowing orb of energy.
The wolf spider hits you but does no damage.
The wolf spider bites you.
* * * LOW HITPOINT WARNING * * *
The orb spider weaves a glowing orb of energy. 2 orbs of destruction come into view.
You take 5 damage, and have 11/166 hp.
You now have 2/29 mp.
You block the orb of destruction.
The orb of destruction dissipates.
You block the wolf spider's attack. x2
The wolf spider closely misses you. You block the wolf spider's attack.
The orb spider begins to weave its threads into a brightly glowing ball.
The orb spider weaves a glowing orb of energy.
You block the orb of destruction.
The orb of destruction dissipates.
The wolf spider hits you but does no damage.
The wolf spider closely misses you. 2 redbacks and an orb of destruction come into view.
The wavering orb of destruction hits you!
You die...

............#...##
.......†.........##
.......††....^....#
....s§.†.ss........
.......s.§.........
......§..§ss.....##
......§s§#..#.....#
......ss.§...^.....
.>....s§@.........#
.....ss†††.........
.......†<†.........
.s....).††.........
..s...............
......^.........
................
....^.......>.^.
...............


You could see a wolf spider, 7 orb spiders and 6 redbacks.

Vanquished Creatures
  Arachne (Spider:1)
  Kirke (Swamp:2)
  A thorn hunter (Swamp:2)
  A deep elf elementalist (Elf:1)
  2 emperor scorpions (Lair:3)
  2 orc warlords
  An entropy weaver (Spider:1)
  A spark wasp (Spider:1)
  A fire dragon (Lair:6)
  Snorg (Lair:5)
  Josephine (Swamp:1)
  Harold (Orc:1)
  4 ogre magi (Orc:2)
  18 hydras
  Fannar (D:10)
  3 ghost crabs
  2 dancing weapons (D:14)
  4 alligators
  16 two-headed ogres
  A deep elf knight (Elf:1)
  A fire crab (Lair:6)
  3 spriggan druids (Swamp:4)
  3 unseen horrors
  12 swamp dragons
  3 shambling mangroves
  A deep elf archer (Elf:1)
  Pikel (D:4)
  A wolf spider zombie (D:13)
  A harpy (shapeshifter) (D:14)
  3 orb spiders (Spider:1)
  2 deep elf magi (Elf:1)
  4 orc knights
  7 wolf spiders
  An oklob plant (Lair:5)
  12 ugly things
  2 orc sorcerers
  Joseph (Lair:1)
  4 cyclopes
  A moth of wrath (Spider:1)
  8 black mambas
  3 torpor snails
  2 molten gargoyles (Lair:6)
  7 elephants
  16 spiny frogs
  4 gargoyles
  6 komodo dragons
  8 demonic crawlers
  The ghost of Firecrotchwizard the Chopper, an amateur DDFi (D:4)
  3 meliai (D:13)
  3 polar bears
  13 jumping spiders
  10 trolls
  Grinder (D:6)
  12 bog bodies
  7 tyrant leeches
  11 hornets
  12 blink frogs
  13 slime creatures
  3 hippogriffs
  8 spriggans
  41 redbacks
  A vampire (D:11)
  52 yaks
  4 shadows
  17 tarantellas
  4 hogs (Swamp:2)
  3 wraiths (Swamp:1)
  6 wyverns
  2 fire elementals (Elf:1)
  Eustachio (D:4)
  4 basilisks
  4 hungry ghosts
  5 wargs
  38 vampire mosquitoes
  2 steam dragons
  2 soldier ants
  21 insubstantial wisps
  19 swamp worms
  13 water moccasins
  11 porcupines
  5 hell hounds (Lair:6)
  11 swamp drakes
  24 orc warriors
  A slave (D:4)
  3 black bears
  2 eyes of draining
  An ice beast (D:8)
  2 phantoms
  6 sky beasts
  13 wolves
  30 ogres
  The ghost of felt the Cudgeler, an amateur DsGl (D:3)
  8 centaurs
  A big kobold (D:11)
  17 crocodiles
  16 bullfrogs
  An earth elemental (Elf:1)
  A wyvern zombie (D:12)
  2 wyvern skeletons
  A scorpion (D:10)
  3 wights (D:11)
  4 killer bees (D:12)
  An electric eel (Lair:4)
  3 howler monkeys
  3 centaur zombies
  4 crimson imps
  5 lava snakes (Lair:6)
  4 bullfrog zombies
  7 jellies
  28 orc wizards
  A quasit (D:5)
  A bullfrog skeleton (D:11)
  6 centaur skeletons
  22 orc priests
  11 hounds
  Terence (D:3)
  7 iguanas
  13 worker ants
  2 killer bee zombies
  2 hound skeletons
  A mummy (D:4)
  3 worker ant zombies
  5 gnolls
  16 adders
  A shadow imp (D:6)
  5 oozes (D:9)
  2 adder skeletons
  2 worms (D:2)
  5 leopard geckos
  87 orcs
  5 giant cockroaches
  13 goblins
  5 hobgoblins
  6 jackals
  16 kobolds
  4 quokkas
  A ball python (D:1)
  4 bats
  9 frilled lizards
  2 jackal skeletons
  A leopard gecko zombie (D:7)
  A quokka skeleton (D:5)
  A quokka zombie (D:7)
  10 rats
  4 fungi (Lair:4)
  3 plants
1013 creatures vanquished.

Vanquished Creatures (others)
  A torpor snail (Spider:2)
  2 spiny frogs
  A jumping spider (Spider:2)
  A blink frog (Swamp:4)
  A steam dragon (Lair:6)
  An insubstantial wisp (Swamp:3)
  A slave (D:4)
  3 orc wizards
  A hound skeleton (D:4)
  An orc (D:4)
  8 fungi
  10 plants
31 creatures vanquished.

Grand Total: 1044 creatures vanquished

Notes
Turn   | Place    | Note
-------+----------+-------------------------------------------
     0 | D:1      | Firecrotchwizard the Hill Orc Fighter began the quest for the Orb.
     0 | D:1      | Reached XP level 1. HP: 19/19 MP: 1/1
    33 | D:1      | Reached skill level 3 in Axes
    33 | D:1      | Reached XP level 2. HP: 18/27 MP: 2/2
   263 | D:1      | Reached skill level 4 in Fighting
   292 | D:1      | HP: 6/27 [poisoned by a kobold]
   300 | D:1      | HP: 5/27 [poisoned by a kobold]
   730 | D:1      | Reached XP level 3. HP: 28/33 MP: 3/3
  1340 | D:2      | Found a hazy altar of Hepliaklqana.
  1502 | D:2      | Found a faded altar of an unknown god.
  1518 | D:2      | Reached skill level 4 in Shields
  1640 | D:2      | Reached XP level 4. HP: 41/41 MP: 4/4
  1768 | D:2      | Found a hide-covered altar of Uskayaw.
  1779 | D:2      | Found a snail-covered altar of Cheibriados.
  1838 | D:3      | Noticed Terence
  1843 | D:3      | Noticed felt's ghost (amateur DsGl)
  1850 | D:3      | Killed Terence
  1850 | D:3      | Reached skill level 4 in Axes
  2074 | D:3      | Killed felt's ghost
  2074 | D:3      | Reached skill level 5 in Fighting
  2074 | D:3      | Reached XP level 5. HP: 13/48 MP: 5/5
  2420 | D:3      | Found a stormy altar of Qazlal.
  2454 | D:3      | Became a worshipper of Qazlal Stormbringer
  2602 | D:3      | Reached skill level 5 in Axes
  2740 | D:4      | Noticed an ogre
  2744 | D:4      | Killed an ogre
  2744 | D:4      | Reached skill level 5 in Shields
  2744 | D:4      | Reached skill level 1 in Invocations
  2744 | D:4      | Reached XP level 6. HP: 23/56 MP: 5/7
  2821 | D:4      | Noticed Firecrotchwizard's ghost (amateur DDFi)
  2951 | D:4      | HP: 14/56 [Firecrotchwizard's ghost (2)]
  3235 | D:4      | HP: 11/56 [Firecrotchwizard's ghost (12)]
  3617 | D:4      | HP: 13/56 [Firecrotchwizard's ghost (13)]
  3872 | D:4      | HP: 10/56 [Firecrotchwizard's ghost (5)]
  3875 | D:4      | Killed Firecrotchwizard's ghost
  3875 | D:4      | Reached skill level 6 in Fighting
  3875 | D:4      | Reached skill level 2 in Invocations
  3875 | D:4      | Reached XP level 7. HP: 7/63 MP: 7/9
  4237 | D:4      | Noticed Pikel
  4300 | D:4      | HP: 14/63 [Pikel/whip of electrocution (18)]
  4303 | D:4      | HP: 4/63 [Pikel/whip of electrocution (11)]
  4304 | D:4      | Killed Pikel
  4304 | D:4      | Reached skill level 7 in Fighting
  4304 | D:4      | Reached skill level 7 in Axes
  4304 | D:4      | Reached skill level 6 in Shields
  4304 | D:4      | Reached XP level 8. HP: 5/73 MP: 10/10
  4927 | D:4      | Found a snail-covered altar of Cheibriados.
  5206 | D:4      | Noticed Eustachio
  5235 | D:4      | Killed Eustachio
  5235 | D:4      | Reached skill level 8 in Axes
  5235 | D:4      | Reached skill level 7 in Shields
  5523 | D:5      | Entered Level 5 of the Dungeon
  5542 | D:5      | Found a bloodstained altar of Trog.
  5653 | D:5      | Found a glowing golden altar of the Shining One.
  5757 | D:5      | Reached skill level 8 in Fighting
  5944 | D:5      | Reached skill level 9 in Axes
  5944 | D:5      | Reached XP level 9. HP: 77/81 MP: 11/11
  6084 | D:5      | Reached * piety under Qazlal
  6456 | D:5      | Found a staircase to the Ecumenical Temple.
  6720 | D:6      | Reached skill level 10 in Axes
  6737 | D:6      | Reached skill level 8 in Shields
  6873 | D:6      | Noticed Prince Ribbit
  6953 | D:6      | Found a blossoming altar of Fedhas.
  6961 | D:6      | Noticed Grinder
  6978 | D:6      | Killed Grinder
  6978 | D:6      | Reached skill level 9 in Fighting
  7205 | D:6      | Reached ** piety under Qazlal
  7205 | D:6      | Reached skill level 11 in Axes
  7576 | D:6      | Found a stormy altar of Qazlal.
  7576 | D:6      | Found an opulent altar of Gozag.
  7596 | D:6      | Found a shimmering altar of Xom.
  7597 | D:6      | Found a burning altar of Makhleb.
  8101 | D:7      | Found an iron altar of Okawaru.
  8257 | D:7      | Found a runed door.
  8259 | D:7      | Noticed a sixfirhy
  8340 | D:8      | Reached XP level 10. HP: 89/91 MP: 12/12
  8357 | D:8      | Found a runed door.
  8443 | D:8      | Noticed a cyclops
  8470 | D:8      | Reached skill level 12 in Axes
  8470 | D:8      | Reached skill level 9 in Shields
  8481 | D:8      | Killed a cyclops
  9137 | D:8      | Found a runed door.
  9302 | D:9      | Reached skill level 10 in Fighting
  9326 | D:9      | Found a bloodstained altar of Trog.
  9358 | D:9      | HP: 23/93 [yak (8)]
  9363 | D:9      | HP: 9/93 [yak (11)]
  9409 | D:9      | Reached *** piety under Qazlal
  9683 | D:9      | Found a white marble altar of Elyvilon.
  9744 | D:9      | Found a flagged portal.
  9750 | Bailey   | Entered a bailey
  9804 | D:9      | Found Bepasm's Antique Weapon Shoppe.
  9982 | D:9      | Reached skill level 13 in Axes
 10276 | D:10     | Entered Level 10 of the Dungeon
 10359 | D:10     | Identified the Disquisition on Creative Augmentations
 10363 | D:10     | Learned a level 1 spell: Summon Butterflies
 10387 | D:10     | Found Yjus's Antique Weapon Emporium.
 10498 | D:10     | Noticed Fannar
 10545 | D:10     | Killed Fannar
 10545 | D:10     | Reached skill level 10 in Shields
 10545 | D:10     | Reached XP level 11. HP: 38/101 MP: 13/13
 10803 | D:10     | Killed an unseen horror
 10803 | D:10     | Reached **** piety under Qazlal
 10803 | D:10     | Reached skill level 11 in Fighting
 10803 | D:10     | Reached skill level 14 in Axes
 11816 | D:11     | Found a staircase to the Lair.
 11836 | D:11     | Reached ***** piety under Qazlal
 11884 | D:11     | Reached skill level 3 in Invocations
 11897 | D:11     | Noticed a red ugly thing
 11913 | D:11     | Killed a red ugly thing
 12265 | D:11     | Got a faintly glowing chain mail
 12535 | Lair:1   | Entered Level 1 of the Lair of Beasts
 12558 | Lair:1   | Noticed Joseph
 12577 | Lair:1   | Killed Joseph
 12577 | Lair:1   | Reached skill level 4 in Armour
 12577 | Lair:1   | Reached skill level 4 in Invocations
 12881 | Lair:1   | Reached skill level 11 in Shields
 13826 | Lair:1   | Identified the +6 chain mail of Wuproh {rElec MR+++ Regen+ Int-3} (You took it off a wight on level 11 of the Dungeon)
 13950 | Lair:2   | Reached skill level 12 in Fighting
 13950 | Lair:2   | Reached XP level 12. HP: 112/112 MP: 15/15
 13991 | Lair:2   | Reached skill level 5 in Invocations
 14165 | Lair:2   | Reached skill level 5 in Armour
 14416 | Lair:2   | Reached skill level 6 in Invocations
 15114 | Lair:3   | Found a hole to the Spider Nest.
 15203 | Lair:3   | Reached skill level 6 in Armour
 16086 | Lair:4   | Reached skill level 7 in Invocations
 16122 | Lair:4   | Reached skill level 12 in Shields
 16189 | Lair:4   | Reached skill level 7 in Armour
 16190 | Lair:4   | Reached skill level 13 in Fighting
 16193 | Lair:4   | Reached skill level 8 in Invocations
 16579 | Lair:4   | Reached XP level 13. HP: 122/122 MP: 19/19
 16619 | Lair:4   | Found a staircase to the Swamp.
 17178 | Lair:5   | Reached skill level 9 in Invocations
 17243 | Lair:5   | Reached skill level 8 in Armour
 17639 | Lair:5   | Noticed Snorg
 17670 | Lair:5   | Killed Snorg
 17746 | Lair:5   | HP: 30/123 [elephant (2)]
 17974 | Lair:5   | Got a pair of transparent gloves
 17985 | Lair:5   | Identified the +0 pair of gloves of Raameid {rElec Str+5 Stlth-} (You found it on level 5 of the Lair of Beasts)
 18360 | Lair:5   | Found a staircase to the Slime Pits.
 18495 | Lair:6   | Entered Level 6 of the Lair of Beasts
 18504 | Lair:6   | Reached skill level 10 in Invocations
 18527 | Lair:6   | Reached skill level 13 in Shields
 18571 | Lair:6   | Reached skill level 14 in Fighting
 18665 | Lair:6   | Reached skill level 9 in Armour
 19087 | Lair:6   | Reached XP level 14. HP: 39/133 MP: 22/22
 19093 | Lair:6   | Found a large runed door.
 19378 | Lair:6   | Reached skill level 11 in Invocations
 19555 | Lair:6   | Found a large runed door.
 20178 | D:12     | Found Wuril's Book Boutique.
 20414 | D:12     | Reached skill level 10 in Armour
 20466 | D:12     | Found Fahoalab's Armour Shop.
 20484 | D:12     | Found a staircase to the Orcish Mines.
 20561 | D:12     | Found Lunges's Jewellery Boutique.
 21570 | D:14     | Reached skill level 15 in Fighting
 21585 | D:14     | Reached skill level 14 in Shields
 21585 | D:14     | Reached skill level 12 in Invocations
 21627 | D:14     | Found a gate to the Vaults.
 21752 | D:14     | Reached skill level 15 in Axes
 21903 | D:14     | Found a roughly hewn altar of Beogh.
 22087 | D:14     | Found a deep blue altar of Sif Muna.
 22202 | D:14     | Found the amulet of the Air {Inacc +Fly rElec EV+5 RMsl}
 22539 | D:15     | Entered Level 15 of the Dungeon
 22590 | D:15     | HP: 18/135 [white ugly thing (27)]
 22591 | D:15     | HP: 4/135 [white ugly thing (35)]
 22819 | Orc:1    | Entered Level 1 of the Orcish Mines
 22823 | Orc:1    | Noticed Harold
 22836 | Orc:1    | Noticed an orc warlord
 22841 | D:12     | HP: 30/135 [troll (6)]
 22972 | D:12     | Reached skill level 11 in Armour
 23032 | D:12     | Reached XP level 15. HP: 75/141 MP: 17/24
 23039 | D:12     | HP: 35/141 [orc warlord/battleaxe (27)]
 23043 | D:12     | Killed an orc warlord
 23140 | Orc:1    | Killed Harold
 23394 | Orc:1    | You fall through a shaft!
 23394 | Orc:2    | Entered Level 2 of the Orcish Mines
 23394 | Orc:2    | Found Kearheot's Book Shop.
 23394 | Orc:2    | Found Houcucau's Book Emporium.
 23394 | Orc:2    | Found Nibiqit's Jewellery Emporium.
 23394 | Orc:2    | Found Xyarche's Armour Boutique.
 23408 | Orc:2    | Reached skill level 13 in Invocations
 23413 | Orc:2    | HP: 31/143 [ogre mage (8)]
 23429 | Orc:2    | HP: 26/143 [troll (6)]
 23458 | Orc:2    | Reached skill level 16 in Axes
 23632 | Orc:2    | Found a staircase to the Elven Halls.
 23663 | Orc:2    | Found Ijogueg's Antique Armour Shoppe.
 23709 | Orc:2    | Noticed an orc warlord
 23725 | Orc:2    | Killed an orc warlord
 23725 | Orc:2    | Reached skill level 16 in Fighting
 24284 | Elf:1    | Entered Level 1 of the Elven Halls
 24345 | Elf:1    | Noticed a deep elf elementalist
 24354 | Elf:1    | Killed a deep elf elementalist
 24354 | Elf:1    | Reached skill level 15 in Shields
 24355 | Elf:1    | Reached skill level 12 in Armour
 24591 | Orc:2    | Bought the +2 ratskin cloak {+Rats rPois rN+ Str-1 Int-1 Dex+1} for 361 gold pieces
 24591 | Orc:2    | Found the +2 ratskin cloak {+Rats rPois rN+ Str-1 Int-1 Dex+1}
 24792 | Swamp:1  | Entered Level 1 of the Swamp
 24831 | Swamp:1  | Reached skill level 14 in Invocations
 24835 | Swamp:1  | HP: 30/144 [12-headed hydra (7)]
 24841 | Swamp:1  | HP: 24/145 [poisoned by a swamp dragon (blast of poison)]
 24848 | Swamp:1  | HP: 28/145 [poisoned by a swamp dragon (blast of poison)]
 24856 | Lair:4   | HP: 32/145 [poisoned by a swamp dragon (blast of poison)]
 25017 | Swamp:1  | Reached XP level 16. HP: 115/152 MP: 26/26
 25204 | Swamp:1  | Noticed Josephine
 25228 | Swamp:1  | Killed Josephine
 25925 | Swamp:2  | Noticed Kirke
 25942 | Swamp:2  | Killed Kirke
 26076 | Swamp:2  | Reached skill level 13 in Armour
 26169 | Swamp:2  | Noticed a thorn hunter
 26180 | Swamp:2  | Killed a thorn hunter
 26180 | Swamp:2  | Reached skill level 17 in Fighting
 26184 | Swamp:2  | Reached skill level 15 in Invocations
 26833 | Swamp:3  | Reached skill level 1 in Dodging
 27003 | Swamp:3  | Reached skill level 2 in Dodging
 27721 | Swamp:4  | Entered Level 4 of the Swamp
 27738 | Swamp:4  | Reached ****** piety under Qazlal
 27747 | Swamp:4  | Reached skill level 3 in Dodging
 27872 | Swamp:4  | Reached skill level 16 in Invocations
 27872 | Swamp:4  | Reached XP level 17. HP: 126/163 MP: 27/29
 27959 | Swamp:4  | Reached skill level 4 in Dodging
 28173 | Swamp:4  | Reached skill level 18 in Fighting
 28204 | Swamp:4  | Got a decaying rune of Zot
 28386 | Spider:1 | Entered Level 1 of the Spider Nest
 28629 | Spider:1 | Reached skill level 5 in Dodging
 29949 | Spider:2 | Noticed Arachne
 29950 | Spider:2 | Reached skill level 17 in Invocations
 29974 | Spider:1 | Killed Arachne
 29974 | Spider:1 | Reached skill level 6 in Dodging
 30143 | Spider:2 | HP: 28/166 [disintegration (20)]
 30145 | Spider:2 | HP: 11/166 [wolf spider (5)]
 30148 | Spider:2 | Blown up by an orb spider

Vault maps used:
D:1:      dpeg_arrival_arbitrary_c
D:2:      lemuel_doored_altar, amethyst_overflow_temple_binary,
          chequers_ecumenical_altar_simple, first_ration
D:3:      grunt_qazlal_clouds, uniq_terence
D:4:      roderic_serpentine_path, chei_slow_surprise, uniq_eustachio,
          uniq_pikel
D:5:      overflow_temple_1_default, minmay_temple_entry_poolview,
          trog_three_pillars_becter
D:6:      minmay_diamond_boxcup, grunt_temple_overflow_champion_of_chaos,
          nicolae_overflow_hidden_temple, gammafunk_temple_overflow_elements,
          uniq_prince_ribbit1, uniq_grinder
D:7:      cheibrodos_shockbox, okawaru_altar_gauntlet_db
D:8:      cheibrodos_histonic, mrwooster_statue_mirror, minmay_lizard_king
D:9:      elyvilon_altar_3, trog_ov_bears_minmay, serial_shops,
          nicolae_shop_trees, enter_bailey_3, hangedman_little_slice_of_home
D:10:     serial_shops, shop, uniq_fannar
D:11:     david_lair_generic
D:12:     orc_0_dummy, serial_shops, nicolae_shop_behind_doors, shop,
          nicolae_shop_stone
D:13:     hex_medium
D:14:     erik_vaults_1, special_room, tgw_sif
D:15:     hangedman_depths_entry_civil_slaughter,
          nicolae_gozag_cash_rules_everything_around_me
Lair:1:   uniq_joseph
Lair:3:   dummy_spider_entry, cheibrodos_lair_caveside_slide,
          grunt_forest_stairs_clearing
Lair:4:   minmay_swamp_entry_swarm, cheibrodos_lair_reptile_den
Lair:5:   minmay_slime_entry_oklob_enclosed, serial_bayou_shore_a, uniq_snorg
Lair:6:   cheibrodos_lair_end_hotspot, serial_forest,
          infiniplex_forest_lined_room_2, infiniplex_forest_lined_3,
          infiniplex_forest_straight_1, infiniplex_forest_clump_tiny,
          infiniplex_forest_clump_curved, minivault_24
Swamp:1:  infiniplex_staircase_pool, swamp_pool3,
          nicolae_swamp_hydra_murder_den, uniq_josephine
Swamp:2:  nicolae_swamp_feature_on_the_river_bank, uniq_kirke
Swamp:3:  nicolae_swamp_rocky_clearing, nicolae_swamp_orc_logging_accident
Swamp:4:  swamp
Spider:1: guppyfry_spider_mini_1
Spider:2: uniq_arachne
Orc:1:    uniq_harold
Orc:2:    st_orc_ogre_mass, serial_shops, nicolae_shop_trees
Elf:1:    portal_desolation_entry_garden, serial_shops, shop_fountains,
          hangedman_elf_disciples, grunt_megastairs_5
Bailey:   bailey_polearm_flooded_kennysheep, bailey

Skill      XL: |  1  2  3  4  5  6  7  8  9 10 11 12 13 14 15 16 17 |
---------------+----------------------------------------------------+-----
Axes           | 3 4 5 7 9 11 13 14 15 16 | 16.0
Fighting       | 4 5 6 7 8 9 10 12 13 14 15 16 17 18 | 18.7
Shields        | 4 5 6 7 8 10 11 12 13 14 15 | 15.0
Invocations    | 1 2 4 8 10 12 14 16 17 | 17.3
Armour         | 4 7 9 11 12 13 | 13.2
Dodging        | 3 6 |  6.3

Action                   |  1- 3 |  4- 6 |  7- 9 | 10-12 | 13-15 | 16-18 || total
-------------------------+-------+-------+-------+-------+-------+-------++-------
Melee: War axe           |   154 |   130 |   159 |   540 |   736 |       ||  1719
       Whip              |       |       |   297 |   329 |       |       ||   626
       Broad axe         |       |       |       |       |   410 |   856 ||  1266
Throw: Stone             |       |       |    18 |       |       |       ||    18
Invok: Upheaval          |       |       |       |     3 |    26 |     6 ||    35
       Disaster Area     |       |       |       |       |     4 |     3 ||     7
Evoke: Wand              |       |       |     1 |       |     1 |    10 ||    12
       Lamp of fire      |       |       |       |       |     1 |       ||     1
  Use: Scroll            |       |       |     2 |    17 |    15 |     1 ||    35
       Potion            |       |       |       |     2 |     8 |     2 ||    12
 Stab: Distracted        |       |       |       |     1 |       |       ||     1
       Confused          |       |       |       |       |       |     1 ||     1
  Eat: Chunk             |     3 |     1 |    10 |    17 |    12 |    14 ||    57
       Ration            |       |     2 |     1 |     4 |     6 |     1 ||    14
Armor: Scale mail        |    78 |    20 |       |       |       |       ||    98
       Chain mail        |       |    18 |   204 |   356 |   426 |   534 ||  1538
Dodge: Dodged            |    36 |    37 |    65 |   264 |   410 |   577 ||  1389
       Deflected         |       |       |       |     3 |    15 |     3 ||    21
Block: Shield            |    79 |    61 |   199 |       |   759 |  1162 ||  2260
       Buckler           |       |       |    29 |   310 |       |       ||   339
       Other             |       |       |       |    69 |   101 |       ||   170

Table legend:
 A = Spawn XP
 B = Non-spawn XP
 C = Spawn XP percentage of total XP
 D = Spawn monster count
 E = Non-spawn monster count
 F = Spawn count percentage of total count
 G = Total turns spent on level
                    A         B        C        D         E        F      G
               +---------+---------+-------+---------+---------+-------+---------
         Total |       0 |  232355 |   0.0 |       0 |    1012 |   0.0 | 30148
               +---------+---------+-------+---------+---------+-------+---------
           D:1 |       0 |      48 |   0.0 |       0 |      31 |   0.0 |  1065
           D:2 |       0 |      41 |   0.0 |       0 |      16 |   0.0 |  1265
           D:3 |       0 |     224 |   0.0 |       0 |      11 |   0.0 |  1312
           D:4 |       0 |    1568 |   0.0 |       0 |      22 |   0.0 |  1881
           D:5 |       0 |     803 |   0.0 |       0 |      19 |   0.0 |  1075
           D:6 |       0 |    1559 |   0.0 |       0 |      32 |   0.0 |  1114
           D:7 |       0 |     312 |   0.0 |       0 |      16 |   0.0 |   606
           D:8 |       0 |    1533 |   0.0 |       0 |      24 |   0.0 |   932
           D:9 |       0 |    1679 |   0.0 |       0 |      36 |   0.0 |  1023
          D:10 |       0 |    2770 |   0.0 |       0 |      24 |   0.0 |   980
          D:11 |       0 |    5351 |   0.0 |       0 |      52 |   0.0 |  1323
          D:12 |       0 |    7832 |   0.0 |       0 |      37 |   0.0 |  1050
          D:13 |       0 |    7509 |   0.0 |       0 |      32 |   0.0 |   675
          D:14 |       0 |    8161 |   0.0 |       0 |      36 |   0.0 |  1155
          D:15 |       0 |    3321 |   0.0 |       0 |       8 |   0.0 |    76
        Lair:1 |       0 |    1378 |   0.0 |       0 |       8 |   0.0 |  1131
        Lair:2 |       0 |    4340 |   0.0 |       0 |      20 |   0.0 |  1374
        Lair:3 |       0 |    6968 |   0.0 |       0 |      22 |   0.0 |  1353
        Lair:4 |       0 |    9392 |   0.0 |       0 |      51 |   0.0 |  1306
        Lair:5 |       0 |    9114 |   0.0 |       0 |      25 |   0.0 |  1502
        Lair:6 |       0 |   15668 |   0.0 |       0 |      59 |   0.0 |  1449
       Swamp:1 |       0 |   17791 |   0.0 |       0 |      44 |   0.0 |   942
       Swamp:2 |       0 |   16438 |   0.0 |       0 |      52 |   0.0 |   974
       Swamp:3 |       0 |   12723 |   0.0 |       0 |      38 |   0.0 |  1155
       Swamp:4 |       0 |   27338 |   0.0 |       0 |      63 |   0.0 |   309
      Spider:1 |       0 |   20929 |   0.0 |       0 |      54 |   0.0 |  1519
      Spider:2 |       0 |   12495 |   0.0 |       0 |      44 |   0.0 |    74
         Orc:1 |       0 |    5260 |   0.0 |       0 |      57 |   0.0 |   508
         Orc:2 |       0 |   25020 |   0.0 |       0 |      71 |   0.0 |   765
         Elf:1 |       0 |    4790 |   0.0 |       0 |       8 |   0.0 |   252
               +---------+---------+-------+---------+---------+-------+---------

Vault maps used:
D:1:      dpeg_arrival_arbitrary_c
D:2:      lemuel_doored_altar, amethyst_overflow_temple_binary,
          chequers_ecumenical_altar_simple, first_ration
D:3:      grunt_qazlal_clouds, uniq_terence
D:4:      roderic_serpentine_path, chei_slow_surprise, uniq_eustachio,
          uniq_pikel
D:5:      overflow_temple_1_default, minmay_temple_entry_poolview,
          trog_three_pillars_becter
D:6:      minmay_diamond_boxcup, grunt_temple_overflow_champion_of_chaos,
          nicolae_overflow_hidden_temple, gammafunk_temple_overflow_elements,
          uniq_prince_ribbit1, uniq_grinder
D:7:      cheibrodos_shockbox, okawaru_altar_gauntlet_db
D:8:      cheibrodos_histonic, mrwooster_statue_mirror, minmay_lizard_king
D:9:      elyvilon_altar_3, trog_ov_bears_minmay, serial_shops,
          nicolae_shop_trees, enter_bailey_3, hangedman_little_slice_of_home
D:10:     serial_shops, shop, uniq_fannar
D:11:     david_lair_generic
D:12:     orc_0_dummy, serial_shops, nicolae_shop_behind_doors, shop,
          nicolae_shop_stone
D:13:     hex_medium
D:14:     erik_vaults_1, special_room, tgw_sif
D:15:     hangedman_depths_entry_civil_slaughter,
          nicolae_gozag_cash_rules_everything_around_me
Lair:1:   uniq_joseph
Lair:3:   dummy_spider_entry, cheibrodos_lair_caveside_slide,
          grunt_forest_stairs_clearing
Lair:4:   minmay_swamp_entry_swarm, cheibrodos_lair_reptile_den
Lair:5:   minmay_slime_entry_oklob_enclosed, serial_bayou_shore_a, uniq_snorg
Lair:6:   cheibrodos_lair_end_hotspot, serial_forest,
          infiniplex_forest_lined_room_2, infiniplex_forest_lined_3,
          infiniplex_forest_straight_1, infiniplex_forest_clump_tiny,
          infiniplex_forest_clump_curved, minivault_24
Swamp:1:  infiniplex_staircase_pool, swamp_pool3,
          nicolae_swamp_hydra_murder_den, uniq_josephine
Swamp:2:  nicolae_swamp_feature_on_the_river_bank, uniq_kirke
Swamp:3:  nicolae_swamp_rocky_clearing, nicolae_swamp_orc_logging_accident
Swamp:4:  swamp
Spider:1: guppyfry_spider_mini_1
Spider:2: uniq_arachne
Orc:1:    uniq_harold
Orc:2:    st_orc_ogre_mass, serial_shops, nicolae_shop_trees
Elf:1:    portal_desolation_entry_garden, serial_shops, shop_fountains,
          hangedman_elf_disciples, grunt_megastairs_5
Bailey:   bailey_polearm_flooded_kennysheep, bailey

Table legend:
 A = Turns spent in this place as a percentage of turns spent in the entire game.
 B = Non-inter-level travel turns spent in this place as a percentage of non-inter-level travel turns spent in the entire game.
 C = Inter-level travel turns spent in this place as a percentage of turns spent in this place.
 D = Turns resting spent in this place as a percentage of non-inter-level travel turns spent in this place.
 E = Turns spent auto-exploring this place as a percentage of non-inter-level travel turns spent in this place.
 F = Non-inter-level travel turns spent in this place divided by the number of levels of this place that you've seen.
                   A       B       C       D       E      F
               +-------+-------+-------+-------+-------+----------------------
         Total | 100.0 | 100.0 |   5.2 |  28.3 |  48.3 | 921.9
       Dungeon |  51.5 |  52.2 |   3.9 |  34.1 |  44.5 | 994.8
          Lair |  26.9 |  26.4 |   7.1 |  25.2 |  54.4 | 1256.7
         Swamp |  11.2 |  11.2 |   5.6 |  13.8 |  51.5 | 797.8
   Spider Nest |   5.3 |   5.4 |   2.4 |  19.2 |  51.3 | 777.0
  Orcish Mines |   4.2 |   3.9 |  12.2 |  25.1 |  52.3 | 559.0
   Elven Halls |   0.8 |   0.9 |   0.0 |  29.4 |   9.9 | 252.0
        Bailey |   0.0 |   0.0 |   0.0 |   0.0 |   0.0 |   3.0
               +-------+-------+-------+-------+-------+----------------------

Table legend:
 A = Kills in this place as a percentage of kills in entire the game.
 B = Kills by you in this place as a percentage of kills by you in the entire game.
 C = Kills by friends in this place as a percentage of kills by friends in the entire game.
 D = Other kills in this place as a percentage of other kills in the entire game.
 E = Experience gained in this place as a percentage of experience gained in the entire game.
 F = Experience gained in this place divided by the number of levels of this place that you have seen.
                   A       B       C       D       E      F
               +-------+-------+-------+-------+-------+----------------------
         Total | 100.0 | 100.0 |   N/A | 100.0 | 100.0 | 7495.3
       Dungeon |  39.1 |  39.3 |   N/A |  14.3 |  18.4 | 2847.4
          Lair |  18.3 |  18.3 |   N/A |  14.3 |  20.2 | 7810.0
         Swamp |  19.5 |  19.4 |   N/A |  28.6 |  32.0 | 18572.5
   Spider Nest |   9.7 |   9.6 |   N/A |  28.6 |  14.4 | 16712.0
  Orcish Mines |  12.6 |  12.6 |   N/A |  14.3 |  13.0 | 15140.0
   Elven Halls |   0.8 |   0.8 |   N/A |   0.0 |   2.1 | 4790.0
               +-------+-------+-------+-------+-------+----------------------
